 Dungeon Crawl Stone Soup version 0.18-a0-1570-gf60b0ab (webtiles) character file.

583 Eucla the Caller (level 7, -2/41 HPs)
             Began as an Octopode Summoner on Mar 14, 2016.
             Slain by a centaur (4 damage)
             ... on level 5 of the Dungeon.
             The game lasted 00:07:42 (5403 turns).

Eucla the Caller (Octopode Summoner)                Turns: 5403, Time: 00:07:42

Health: -2/41      AC:  1    Str:  8    XL:     7   Next: 37%
Magic:  9/11       EV: 16    Int: 19    God:
Gold:   225        SH:  0    Dex: 12    Spells: 3 memorised, 4 levels left

rFire  . . .     SeeInvis .     c - +0 halberd
rCold  . . .     Gourm    .     (shield currently unavailable)
rNeg   + . .     Faith    .     (helmet restricted)
rPois  .         Spirit   .     (no amulet)
rElec  .         Dismiss  .     j - ring of positive energy
rCorr  .         Reflect  .     q - +3 ring of evasion
SustAt .         Harm     .     (no ring)
MR     .....                    (no ring)
Stlth  +++.......               (no ring)
                                (no ring)
                                (no ring)
                                (no ring)

@: not resistant to hostile enchantments, fairly stealthy
A: almost no armour, amphibious, 8 rings, constrict 8, camouflage 1, gelatinous
body 1
a: no special abilities


You were on level 5 of the Dungeon.
You were very hungry.

You visited 1 branch of the dungeon, and saw 5 of its levels.

You collected 225 gold pieces.

Inventory:

Hand Weapons
 c - a +0 halberd (weapon)
 g - a +0 dagger
Jewellery
 j - a ring of positive energy (left tentacle)
 q - a +3 ring of evasion (right tentacle)
Wands
 w - a wand of digging (13/24)
Scrolls
 e - a scroll of magic mapping {unknown}
 h - a scroll of recharging {unknown}
 i - 2 scrolls of identify
 n - 3 scrolls of enchant weapon {unknown}
 o - 4 scrolls of amnesia {unknown}
 p - 2 scrolls of fog {unknown}
 t - a scroll of enchant armour {unknown}
 v - 2 scrolls of teleportation
 y - a scroll of remove curse
 B - 2 scrolls of immolation {unknown}
Potions
 d - a potion of cancellation {unknown}
 f - 2 potions of curing {unknown}
 k - a potion of degeneration {unknown}
 r - a potion of mutation {unknown}
 s - a potion of berserk rage {unknown}
 u - a potion of might {unknown}
 z - 4 potions of lignification {unknown}
 A - 2 potions of haste {unknown}
Books
 a - a book of Callings

   Spells                             Type                      Level
   a - Summon Small Mammal            Summoning                    1
   b - Call Imp                       Summoning                    2
   c - Call Canine Familiar           Summoning                    3
   d - Summon Guardian Golem          Hexes/Summoning              3
   e - Summon Lightning Spire         Summoning/Air                4
   f - Summon Ice Beast               Ice/Summoning                4
Miscellaneous
 l - a plain deck of wonders
Comestibles
 b - 3 bread rations
 m - 6 meat rations
 x - a slice of pizza


   Skills:
 + Level 3.1 Dodging
 - Level 2.6 Stealth
 + Level 3.0 Spellcasting
 + Level 7.3 Summonings
 + Level 2.5 Air Magic


You had 4 spell levels left.
You knew the following spells:

 Your Spells              Type           Power        Failure   Level  Hunger
a - Summon Small Mammal   Summ           ####         1%          1    None
b - Call Canine Familiar  Summ           ####....     1%          3    ###....
c - Summon Lightning Spi  Summ/Air       ###.....     21%         4    ####...


Dungeon Overview and Level Annotations

Branches:
Dungeon (5/15)
 Temple: D:4-7

Altars:
Makhleb
Nemelex Xobeh
Ru
The Shining One

Shops:
D:5 [


Innate Abilities, Weirdness & Mutations

You cannot wear most types of armour.
You are amphibious.
You can wear up to eight rings at the same time.
You can use your tentacles to constrict eight enemies at once.
Your skin changes colour to match your surroundings (Stealth).
Your rubbery body absorbs attacks (AC +1).


Message History

Unknown command.
The centaur shoots an arrow.
The arrow barely misses your hound. The arrow closely misses you.
You see here an arrow.
Unknown command.
The centaur unwields an uncursed shortbow.
The centaur barely misses you.
Unknown command.
You closely miss the centaur. The centaur hits you!
Your hound bites the centaur.
The centaur hits you!
* * * LOW HITPOINT WARNING * * *
Your hound bites the centaur.
Unknown command.
You slash the centaur!
The centaur is heavily wounded.
The centaur misses you.
Your hound barely misses the centaur.
The centaur hits you.
* * * LOW HITPOINT WARNING * * *
Your hound closely misses the centaur.
The centaur hits you.
You die...

##... ...# #..#
#..# . .###..#
#.. ......##
#..###...####
#.....(.....#
#..###h@.##.#
###..####c###.#
.....c.((.###.#
.....?....(##.#
####.###...##.#
#. #...##.#
##.###...##.#
#........##.#
##...........#


You could see a centaur and a friendly hound.

Vanquished Creatures
  A giant frog (D:3)
  2 giant frog skeletons
  3 orc wizards
  A worker ant (D:4)
  4 gnolls (D:4)
  9 adders
  An ooze (D:2)
  5 worms
  A dart slug (D:3)
  A giant gecko (D:5)
  4 orcs (D:4)
  6 bats
  2 giant cockroaches
  9 goblins
  7 hobgoblins
  3 jackals
  A quokka (D:3)
  5 giant newts
  6 kobolds
  8 rats
79 creatures vanquished.

Vanquished Creatures (collateral kills)
  A phantom (D:4)
  An ogre (D:4)
  2 scorpions (D:4)
  A centaur skeleton (D:4)
  A worm (D:3)
  3 orcs
  A goblin (D:2)
  A jackal (D:2)
  A giant newt (D:3)
  A quokka skeleton (D:4)
13 creatures vanquished.

Grand Total: 92 creatures vanquished

Notes
Turn   | Place    | Note
--------------------------------------------------------------
     0 | D:1      | Eucla the Octopode Summoner began the quest for the Orb.
     0 | D:1      | Reached XP level 1. HP: 11/11 MP: 3/3
   264 | D:1      | Reached XP level 2. HP: 12/17 MP: 5/5
   814 | D:2      | Reached XP level 3. HP: 12/21 MP: 6/6
   819 | D:2      | Learned a level 3 spell: Call Canine Familiar
   866 | D:2      | Reached skill level 5 in Summonings
   931 | D:2      | Found a sacrificial altar of Ru.
  1050 | D:2      | Found a burning altar of Makhleb.
  1727 | D:3      | Found a sparkling altar of Nemelex Xobeh.
  1730 | D:3      | Reached XP level 4. HP: 27/27 MP: 7/7
  1858 | D:3      | Found a glowing golden altar of the Shining One.
  2211 | D:3      | Noticed a giant frog
  2222 | D:3      | Killed a giant frog
  2222 | D:3      | Reached skill level 6 in Summonings
  2223 | D:3      | Reached XP level 5. HP: 22/31 MP: 2/8
  2835 | D:4      | Noticed an ogre
  2846 | D:4      | Learned a level 4 spell: Summon Lightning Spire
  3156 | D:4      | Killed an ogre
  3156 | D:4      | Reached skill level 1 in Air Magic
  3156 | D:4      | Reached XP level 6. HP: 8/36 MP: 3/9
  3455 | D:4      | Noticed a phantom
  3490 | D:4      | Killed a phantom
  3490 | D:4      | Reached skill level 7 in Summonings
  3535 | D:4      | HP: 1/36 [centaur skeleton (6)]
  4133 | D:4      | Reached XP level 7. HP: 5/41 MP: 8/11
  5169 | D:5      | Entered Level 5 of the Dungeon
  5366 | D:5      | Found Tekhla Raujob's Armour Shop.
  5403 | D:5      | HP: 2/41 [centaur (5)]
  5403 | D:5      | Slain by a centaur

Vault maps used:
D:1:      dpeg_arrival_orchard, minivault_19
D:2:      nicolae_ru_the_path_less_chosen, bloody_makhleb
D:3:      nemelex_deck, solitary_fountain, minmay_misc_feat_ornament,
          minmay_misc_feat_secret_circle, minmay_misc_feat_room, tso_metal_star
D:4:      first_bread, st_stairs_2, kennysheep_potato
D:5:      serial_shops, shop

Skill      XL: |  1  2  3  4  5  6  7 |
---------------+----------------------+-----
Summonings     | 5 6 7 |  7.3
Air Magic      | 1 2 |  2.5
Dodging        | 3 |  3.1
Spellcasting   | 3 |  3.0
Stealth        | |  2.6

Action                   |  1- 3 |  4- 6 |  7- 9 || total
-------------------------+-------+-------+-------++-------
Melee: Unarmed           |     9 |       |       ||     9
       Dagger            |   100 |   103 |    22 ||   225
       Halberd           |       |       |    30 ||    30
 Cast: Call Canine Famil |     1 |    10 |     2 ||    13
       Summon Small Mamm |       |     7 |       ||     7
  Use: Scroll            |     3 |       |       ||     3
 Stab: Sleeping          |    10 |    10 |     1 ||    21
  Eat: Chunk             |     3 |     4 |     1 ||     8
       Fruit             |       |     2 |       ||     2
       Royal jelly       |       |     1 |       ||     1
       Pizza             |       |     1 |       ||     1
       Beef jerky        |       |     1 |       ||     1
